 Dungeon Crawl Stone Soup version 0.17.1-3-g152610e (webtiles) character file.

310 moxian the Shooter (level 6, -1/42 HPs)
             Began as a High Elf Hunter on Apr 17, 2016.
             Slain by an ogre
             ... wielding a +0 giant club
              (16 damage)
             ... on level 4 of the Dungeon.
             The game lasted 00:14:20 (3996 turns).

moxian the Shooter (High Elf Hunter)                Turns: 3996, Time: 00:14:20

Health: -1/42      AC:  4    Str: 12    XL:     6   Next: 17%
Magic:  7/7        EV: 13    Int: 16    God:
Gold:   161        SH:  0    Dex: 16    Spells: 0 memorised, 5 levels left

rFire  . . .     SeeInvis .     a - +1 shortbow
rCold  . . .     Clarity  .     c - +0 leather armour
rNeg   . . .     SustAt   .     (shield currently unavailable)
rPois  .         Gourm    .     (no helmet)
rElec  .         Spirit   .     p - +0 cloak
rCorr  .         Warding  .     (no gloves)
rMut   .         Stasis   .     (no boots)
MR     .....                    (no amulet)
Stlth  ++........               (no ring)
                                (no ring)

@: not resistant to hostile enchantments, unstealthy
A: no striking features
a: no special abilities


You were on level 4 of the Dungeon.
You were near starving.

You visited 1 branch of the dungeon, and saw 4 of its levels.

You collected 161 gold pieces.

Inventory:

Hand Weapons
 a - a +1 shortbow (weapon)
 b - a +0 short sword
 g - a +0 hunting sling
 m - a +3 hand axe
 o - a +0 hunting sling
 w - a +2 dagger of venom
Missiles
 d - 19 arrows (quivered)
 l - 97 stones
 s - 11 bolts of flame
 y - 9 bolts
Armour
 c - a +0 leather armour (worn)
 p - a +0 cloak (worn)
Scrolls
 f - a scroll of immolation
 h - a scroll of enchant armour
 i - 2 scrolls of remove curse
 j - 2 scrolls of fog
 n - a scroll of amnesia {unknown}
 r - a scroll of recharging {unknown}
 u - a scroll of blinking {unknown}
 v - a scroll of identify
 z - a scroll of teleportation {unknown}
Potions
 k - a potion of haste
 t - a potion of curing
 A - a potion of might {unknown}
 B - a potion of magic {unknown}
Comestibles
 e - a bread ration
 q - a slice of pizza
 x - 2 meat rations


   Skills:
 + Level 3.4 Fighting
 * Level 4.1 Short Blades
 + Level 6.5 Bows
 + Level 3.5 Dodging
 - Level 2.0 Stealth


You had 5 spell levels left.
You didn't know any spells.

Dungeon Overview and Level Annotations

Branches:
Dungeon (4/15)
 Temple: D:4-7

Altars:
Ashenzari


Message History

Aim: an ogre, wielding a giant club (moderately wounded)
You shoot an arrow. The arrow hits the ogre.
The ogre is heavily wounded.
Firing (i - inventory. (,) - cycle):
d - 22 arrows (quivered)
Press: ? - help, Shift-Dir - straight line, f/p - ogre
Aim: an ogre, wielding a giant club (heavily wounded)
You shoot an arrow. The arrow hits the ogre.
The ogre is severely wounded.
Firing (i - inventory. (,) - cycle):
d - 21 arrows (quivered)
Press: ? - help, Shift-Dir - straight line, f/p - ogre
Aim: an ogre, wielding a giant club (severely wounded)
You shoot an arrow. The arrow hits the ogre.
The ogre is severely wounded.
Firing (i - inventory. (,) - cycle):
d - 20 arrows (quivered)
Press: ? - help, Shift-Dir - straight line, f/p - ogre
Aim: an ogre, wielding a giant club (severely wounded)
You shoot an arrow. The arrow hits the ogre.
The ogre is almost dead.
The ogre hits you with a giant club!
You die...

#. .. . .. # .##.#
# .(. + .(. # #
#(# # # #.##(##.#
#...O...# #+
####@#### #.# #.#
###.###### #>#
.........### #.#
#.####
#..........#####.#
......
#.....##.#.......#
#.####
#....###.#########
#........#
###.######


You could see an ogre.

Vanquished Creatures
  2 orc priests (D:4)
  2 hounds
  Natasha (D:2)
  A worker ant (D:4)
  5 adders
  4 oozes
  5 orcs
  A ball python (D:3)
  8 bats
  3 giant cockroaches
  16 hobgoblins
  3 jackals (D:2)
  2 quokkas
  3 giant geckos
  4 giant newts
  7 goblins
  13 kobolds
  9 rats
89 creatures vanquished.

Notes
Turn   | Place    | Note
--------------------------------------------------------------
     0 | D:1      | moxian the High Elf Hunter began the quest for the Orb.
     0 | D:1      | Reached XP level 1. HP: 14/14 MP: 2/2
   370 | D:1      | Reached XP level 2. HP: 14/19 MP: 3/3
  1443 | D:1      | Reached skill level 1 in Short Blades
  1465 | D:1      | Reached XP level 3. HP: 21/25 MP: 4/4
  1983 | D:2      | Reached XP level 4. HP: 22/30 MP: 5/5
  2684 | D:3      | Reached skill level 6 in Bows
  2955 | D:3      | Reached XP level 5. HP: 31/36 MP: 6/6
  3012 | D:3      | Found a shattered altar of Ashenzari.
  3061 | D:3      | Noticed Natasha
  3143 | D:2      | Killed Natasha
  3826 | D:4      | Noticed an ogre
  3939 | D:4      | Reached XP level 6. HP: 29/42 MP: 7/7
  3996 | D:4      | Slain by an ogre

Action                   |  1- 3 |  4- 6 || total
-------------------------+-------+-------++-------
Melee: Short sword       |   146 |   127 ||   273
       Dagger            |       |    52 ||    52
 Fire: Shortbow          |    20 |    24 ||    44
  Use: Potion            |     2 |       ||     2
       Scroll            |       |     5 ||     5
 Stab: Sleeping          |     2 |     3 ||     5
  Eat: Chunk             |     3 |     5 ||     8
